 Dungeon Crawl Stone Soup version 0.23.2 (webtiles) character file.

Game seed: 13451815997102424292

101 Borgoz the Cutter (level 5, 0/32 HPs)
             Began as a Kobold Gladiator on Apr 9, 2019.
             Killed from afar by Blork the orc (7 damage)
             ... with a wand of flame (6)
             ... on level 3 of the Dungeon.
             The game lasted 00:02:55 (2067 turns).

Borgoz the Cutter (Kobold Gladiator)                Turns: 2067, Time: 00:02:56

Health: 0/32       AC:  5    Str: 11    XL:     5   Next: 4%
Magic:  5/5        EV: 16    Int: 10    God:
Gold:   58         SH:  0    Dex: 17    Spells: 4/4 levels left

rFire    . . .     SeeInvis .   a - +1 rapier
rCold    . . .     Gourm    .   (shield restricted)
rNeg     . . .     Faith    .   l - +0 leather armour
rPois    .         Spirit   .   c - +1 helmet
rElec    .         Reflect  .   (no cloak)
rCorr    .         Harm     .   (no gloves)
MR       .....                  (no boots)
Stlth    ++........             i - amulet of regeneration
HPRegen  0.50/turn              (no ring)
MPRegen  0.09/turn              (no ring)

@: very slightly contaminated
A: small, carnivore
a: no special abilities


You were on level 3 of the Dungeon.
You were very full.

You visited 1 branch of the dungeon, and saw 3 of its levels.

You collected 58 gold pieces.

Inventory:

Hand Weapons
 a - a +1 rapier (weapon)
 b - a +1 dagger of holy wrath
Missiles
 d - 3 throwing nets (quivered)
Armour
 c - a +1 helmet (worn)
 l - a +0 leather armour (worn)
Jewellery
 i - an amulet of regeneration (around neck)
Wands
 m - a wand of polymorph (9)
Scrolls
 n - 2 scrolls of teleportation
Potions
 g - 2 potions of brilliance {unknown}
 h - a potion of agility
 j - 2 potions of flight {unknown}
 k - 2 potions of curing
 p - a potion of degeneration {unknown}
 q - a potion of invisibility {unknown}
 s - a potion of might {unknown}
Comestibles
 f - 5 rations


   Skills:
 + Level 3.0 Fighting
 + Level 4.8 Short Blades
 - Level 2.1 Throwing
 + Level 1.2 Armour
 + Level 4.3 Dodging
 + Level 2.5 Stealth


You had 4 spell levels left.
You didn't know any spells.
Your spell library was empty.

Dungeon Overview and Level Annotations

Branches:
Dungeon (3/15)

Altars:
Dithmenos
Elyvilon
Fedhas
Sif Muna

Annotations:
D:3 Blork the orc


Innate Abilities, Weirdness & Mutations

You are small and have problems with some larger weapons.
You are carnivorous and can eat meat at any time.


Message History

Blork the orc zaps a wand.
The puff of flame hits you!
Blork the orc is engulfed in a cloud of scalding steam.
Blork the orc mumbles some strange words.
Blork the orc seems to speed up.
Blork the orc is engulfed in a cloud of scalding steam.
Blork the orc screams, "I'll break your arms!"
Found a deep blue altar of Sif Muna.
Why would you want to do that? Why would you want to do that?
Blork the orc drinks a potion.
Blork the orc suddenly seems more agile.
Blork the orc screams, "I'll make a cloak from your skin!"
Blork the orc points at you and mumbles some strange words.
The puff of flame hits you.
Blork the orc zaps a wand.
The puff of flame hits you.
Blork the orc points at you and mumbles some strange words.
The puff of flame hits you!
* * * LOW HITPOINT WARNING * * *
Blork the orc zaps a wand.
The puff of flame hits you!
You die...

.... #.. #..
##### #.. #...#
#.. #._.# ...#
###...### ## #
##.......## .
#.....@...## ..
#....≈≈§....#
..##
#...≈≈≈§§...##
#
#...≈≈..o≈≈...#
#...≈≈.>.≈≈...#
#...≈≈...≈≈...#
#...≈≈≈≈≈...##
#....≈≈≈....#
#.........##


There were no monsters in sight!

Vanquished Creatures
  An adder (D:3)
  An ooze (D:3)
  2 worms (D:2)
  3 dart slugs
  2 leopard geckos
  4 giant cockroaches
  8 goblins
  9 hobgoblins
  10 jackals
  4 kobolds
  A quokka (D:2)
  A ball python (D:2)
  7 bats
  4 frilled lizards
  12 rats
69 creatures vanquished.

Notes
Turn   | Place    | Note
-------+----------+-------------------------------------------
     0 | D:1      | Borgoz the Kobold Gladiator began the quest for the Orb.
     0 | D:1      | Reached XP level 1. HP: 12/12 MP: 1/1
   103 | D:1      | Reached skill level 1 in Stealth
   103 | D:1      | Reached XP level 2. HP: 4/18 MP: 2/2
   564 | D:1      | Reached XP level 3. HP: 22/22 MP: 3/3
  1344 | D:2      | Reached XP level 4. HP: 27/27 MP: 4/4
  1383 | D:2      | Reached skill level 1 in Armour
  1684 | D:2      | Found a white marble altar of Elyvilon.
  1861 | D:3      | Noticed Blork the orc
  1866 | D:3      | Found a shadowy altar of Dithmenos.
  2005 | D:3      | Found a blossoming altar of Fedhas.
  2016 | D:3      | Reached XP level 5. HP: 32/32 MP: 5/5
  2063 | D:3      | Found a deep blue altar of Sif Muna.
  2067 | D:3      | Killed from afar by Blork the orc

Skill      XL: |  1  2  3  4 |
---------------+-------------+-----
Stealth        | 1 2 |  2.5
Dodging        | 4 |  4.3
Armour         | 1 |  1.2
Fighting       | 3 |  3.0
Short Blades   | |  4.8
Throwing       | |  2.1

Action                   |  1- 3 |  4- 6 || total
-------------------------+-------+-------++-------
Melee: Rapier            |   111 |    87 ||   198
  Use: Scroll            |       |     7 ||     7
 Stab: Sleeping          |     9 |     6 ||    15
  Eat: Chunk             |    10 |     1 ||    11
Armor: Leather armour    |    16 |    18 ||    34
Dodge: Dodged            |   102 |    61 ||   163
